 Dungeon Crawl Stone Soup version 0.19.1-1-g22dce08 (webtiles) character file.

217 Joat the Chopper (level 5, -1/28 HPs)
             Began as a Vine Stalker Fighter on Jan 16, 2017.
             Killed by divine providence
             ... invoked by an orc priest
              (10 damage)
             ... on level 4 of the Dungeon.
             The game lasted 00:07:13 (1991 turns).

Joat the Chopper (Vine Stalker Fighter)             Turns: 1991, Time: 00:07:15

Health: -1/28      AC: 10    Str: 19    XL:     5   Next: 94%
Magic:  0/6        EV:  7    Int:  8    God:
Gold:   134        SH:  9    Dex: 14    Spells: 0 memorised, 4 levels left

rFire  . . .     SeeInvis .     a - +0 war axe
rCold  . . .     Gourm    .     b - +0 scale mail
rNeg   . . .     Faith    .     c - +0 shield
rPois  .         Spirit   +     n - +0 helmet (curse)
rElec  .         Reflect  .     x - +0 cloak (curse)
rCorr  .         Harm     .     (no gloves)
MR     .....                    s - +0 pair of boots
Stlth  ..........               j - amulet of magic regeneration
                                (no ring)
                                (no ring)

@: no status effects
A: fangs 2, regeneration 1, magic shield, antimagic bite, no device heal 3, rot
immunity
a: no special abilities


You were on level 4 of the Dungeon.
You were not hungry.

You visited 1 branch of the dungeon, and saw 4 of its levels.

You collected 134 gold pieces.

Inventory:

Hand Weapons
 a - a +0 war axe (weapon)
Armour
 b - a +0 scale mail (worn)
 c - a +0 shield (worn)
 n - a cursed +0 helmet (worn)
 s - a +0 pair of boots (worn)
 u - a +0 cloak
 x - a cursed +0 cloak (worn)
Jewellery
 j - an amulet of magic regeneration (around neck)
Wands
 y - a wand of digging (17/24)
Scrolls
 e - 4 scrolls of identify {unknown}
 h - a scroll of enchant weapon {unknown}
 k - 2 scrolls of remove curse {unknown}
 p - 3 scrolls of fear {unknown}
 r - 2 scrolls of immolation {unknown}
 t - a scroll of noise {unknown}
 w - a scroll of magic mapping {unknown}
Potions
 d - 2 potions of might
 g - a potion of degeneration {unknown}
 i - a potion of haste {unknown}
 l - a potion of invisibility {unknown}
 m - a potion of agility {unknown}
 o - 2 potions of resistance {unknown}
 q - a potion of heal wounds {unknown}
Comestibles
 f - 2 bread rations


   Skills:
 + Level 3.4 Fighting
 + Level 3.9 Axes
 + Level 3.0 Armour
 + Level 3.4 Shields


You had 4 spell levels left.
You didn't know any spells.

Dungeon Overview and Level Annotations

Branches:
Dungeon (4/15)
 Temple: D:4-7

Altars:


Innate Abilities, Weirdness & Mutations

You have extremely sharp teeth.
Your natural rate of healing is unusually fast.
When hurt, damage is shared between your health and your magic reserves.
Your bite disrupts and absorbs the magic of your enemies.
Potions and wands cannot restore your health.
You are immune to rotting.


Message History

The orc priest mumbles some strange prayers to Beogh against you.
Pain shoots through your body!
You slash the orc priest!
You bite the orc priest, but do no damage.
The orc priest is heavily wounded.
The orc priest casts a cantrip, but nothing happens.
You hit the orc priest.
You bite the orc priest, but do no damage.
The orc priest is severely wounded.
The orc priest closely misses you.
You hit the orc priest.
The orc priest is severely wounded.
The orc priest calls down the wrath of Beogh upon you.
Beogh smites you! The orc priest hits you.
* * * LOW HITPOINT WARNING * * *
Your shield prevents you from hitting the orc priest.
The orc priest is severely wounded.
The orc priest calls down the wrath of Beogh upon you.
Beogh smites you!
You die... ##### ...## .oo

#o#
#@#
#.#
#.#
#.#
#.#
#.#
###


You could see an orc priest, an orc wizard and an orc.

Vanquished Creatures
  A crimson imp (D:3)
  An orc wizard (D:3)
  Natasha (thrice) (D:3)
  An adder (D:2)
  A worm (D:3)
  6 orcs
  2 ball pythons
  2 giant cockroaches
  4 goblins
  6 hobgoblins
  4 jackals (D:3)
  A quokka (D:2)
  12 bats
  7 frilled lizards
  7 kobolds
  7 rats
65 creatures vanquished.

Notes
Turn   | Place    | Note
-------+----------+-------------------------------------------
     0 | D:1      | Joat the Vine Stalker Fighter began the quest for the Orb.
     0 | D:1      | Reached XP level 1. HP: 11/11 MP: 2/2
   154 | D:1      | Reached XP level 2. HP: 16/16 MP: 3/3
   664 | D:2      | Reached XP level 3. HP: 19/19 MP: 4/4
  1381 | D:3      | Gained mutation: Your natural rate of healing is unusually fast. [Vine Stalker growth]
  1381 | D:3      | Reached XP level 4. HP: 23/23 MP: 5/5
  1610 | D:3      | Reached XP level 5. HP: 28/28 MP: 6/6
  1687 | D:3      | Noticed Natasha
  1690 | D:3      | Killed Natasha
  1877 | D:3      | Noticed Natasha
  1886 | D:3      | Killed Natasha
  1954 | D:3      | Noticed Natasha
  1962 | D:3      | Killed Natasha
  1991 | D:4      | Killed from afar by an orc priest

Skill      XL: |  1  2  3  4  5 |
---------------+----------------+-----
Axes           | 2 3 |  3.9
Shields        | 3 |  3.4
Fighting       | 3 |  3.4
Armour         | 3 |  3.0

Action                   |  1- 3 |  4- 6 || total
-------------------------+-------+-------++-------
Melee: War axe           |   111 |    64 ||   175
       Bite              |    21 |    14 ||    35
  Eat: Chunk             |     2 |     2 ||     4
Armor: Scale mail        |    64 |    26 ||    90
Dodge: Dodged            |    32 |    10 ||    42
Block: Shield            |    59 |    31 ||    90
